 Dungeon Crawl Stone Soup version 0.28.0 (webtiles) character file.

Game seed: 1182030855631379147

24 Cykl0x the Digger (level 3, -4/20 HPs)
             Began as a Gargoyle Earth Elementalist on Feb 11, 2022.
             Killed from afar by Ijyb (23 damage)
             ... with a bolt of acid
             ... on level 2 of the Dungeon.
             The game lasted 00:01:35 (1005 turns).

Cykl0x the Digger (Gargoyle Earth Elementalist)     Turns: 1005, Time: 00:01:36

Health: -4/20      AC:  8    Str: 11    XL:     3   Next: 2%
Magic:  3/6        EV: 10    Int: 17    God:
Gold:   20         SH:  0    Dex: 10    Spells: 5/6 levels left

rFire   . . .      SeeInvis .   g - +0 dagger
rCold   . . .      Faith    .   (no shield)
rNeg    + . .      Spirit   .   e - +0 ring mail
rPois   ∞          Reflect  .   (no helmet)
rElec   +          Harm     .   (no cloak)
rCorr   .          Rampage  .   (no gloves)
Will    .....                   (no boots)
Stlth   +.........              (no amulet)
HPRegen 0.06/turn               (no ring)
MPRegen 0.10/turn               (no ring)

@: no status effects
A: sickness immunity, AC +3, negative energy resistance 1, electricity
resistance, torment resistance 1, petrification resistance
a: no special abilities


You were on level 2 of the Dungeon.
You visited 1 branch of the dungeon, and saw 2 of its levels.

You collected 20 gold pieces.

Inventory:

Hand Weapons
 g - a +0 dagger (weapon)
Missiles
 c - 70 stones
Armour
 b - a +0 robe
 e - a +0 ring mail (worn)
Scrolls
 a - a scroll of teleportation {unknown}
 f - a scroll of blinking {unknown}
Potions
 d - a potion of curing {unknown}


   Skills:
 * Level 0.8 Fighting
 + Level 1.7 Dodging
 - Level 2.1 Stealth
 + Level 2.3 Spellcasting
 * Level 1.0 Conjurations
 - Level 0.7 Transmutations
 + Level 4.1 Earth Magic


You had 5 spell levels left.
You knew the following spells:

 Your Spells              Type           Power      Damage    Failure   Level
a - Sandblast             Erth           32%        2d9       9%          1

Your spell library contained the following spells:

 Spells                   Type           Power      Damage    Failure   Level
 Passwall                 Tmut/Erth      8%         N/A       26%         2
 Stone Arrow              Conj/Erth      20%        3d8       43%         3
 Ignite Poison            Fire/Tmut/Pois 2%         N/A       77%         3
 Mephitic Cloud           Conj/Pois/Air  3%         N/A       77%         3
 Petrify                  Tmut/Erth      10%        N/A       86%         4
 Freezing Cloud           Conj/Ice/Air   1%         6-21      100%        5


Dungeon Overview and Level Annotations

Branches:
Dungeon (2/15)

Altars:

Annotations:
D:2 Ijyb


Innate Abilities, Weirdness & Mutations

You are immune to sickness and miasma.
Your stone body is resilient. (AC +3)
You are immune to poison.
You resist negative energy. (rN+)
You are resistant to electric shocks. (rElec)
You are resistant to unholy torment.
You are immune to petrification.


Message History

2 goblins come into view.
A goblin is wielding a +0 dagger of venom.
Found a Trismegistus Codex.
The goblin shouts!
You hear a shout! x2; The goblin shouts! 3 goblins come into view.
The goblin shouts!
You hear a shout!
Ijyb the Twisted Goblin comes into view.
She is wielding a +0 dagger and carrying a wand of acid (10).
The goblin shouts! x2
A goblin comes into view. It is wielding a +0 dagger.
You see here a Trismegistus Codex.
You pick up a Trismegistus Codex and begin reading...
You add the spells Ignite Poison, Mephitic Cloud and Freezing Cloud to your library.
The goblin hits you but does no damage.
You miscast Sandblast.
You are very lightly contaminated with residual magic.
Nothing appears to happen.
The goblin barely misses you.
Okay, then.
Okay, then.
You hit the goblin.
The goblin is heavily wounded.
The goblin hits you with a +0 dagger of venom.
You hit the goblin.
You kill the goblin!
You barely miss the goblin. The goblin closely misses you.
You closely miss the goblin. The goblin hits you but does no damage.
You closely miss the goblin. The goblin closely misses you.
You closely miss the goblin. The goblin misses you.
You hit the goblin.
You kill the goblin!
Your magical contamination has completely faded away.
You have reached level 3!
Your experience leads to an increase in your attributes!
Increase (S)trength, (I)ntelligence, or (D)exterity?
You feel clever. x2
The blast of sand hits Ijyb but does no damage.
The blast of sand hits Ijyb.
Ijyb is moderately wounded.
Ijyb zaps a wand.
The bolt of acid hits you!!
Ouch! That really hurt!
You die...

#.......# #.# #8.....8#
#.#.#.......# #.#.#8.....8#
#.#....g.g..# #.##...g....#
#.####g.#####
.#.####.#####.#####.#
..........@ggg.......
######.#.####.#####.#####.#
#....#.#.##.......#..#
#.##.#.#.##.#.###.##.#
#.##.#.#.##.#.# ..
#.##.#.#.##.#.# #.#
^.##.#...##.#.# ..
..##.#......#.# ...
..#...........#


You could see Ijyb and 2 goblins.

Vanquished Creatures
  An adder (D:2)
  A dart slug (D:1)
  2 endoplasms (D:1)
  4 goblins
  2 quokkas (D:1)
  A bat (D:1)
  A frilled lizard (D:2)
12 creatures vanquished.

Notes
Turn   | Place    | Note
-------+----------+-------------------------------------------
     0 | D:1      | Cykl0x the Gargoyle Earth Elementalist began the quest for
                  | the Orb.
     0 | D:1      | Reached XP level 1. HP: 10/10 MP: 3/3
   158 | D:1      | Found a faded altar of an unknown god.
   596 | D:1      | Reached XP level 2. HP: 16/16 MP: 3/5
   801 | D:1      | Reached skill level 4 in Earth Magic
   942 | D:2      | Reached skill level 1 in Conjurations
   985 | D:2      | Noticed Ijyb
  1004 | D:2      | Reached XP level 3. HP: 19/20 MP: 4/6
  1005 | D:2      | Killed from afar by Ijyb

Illustrated notes

Levels and vault maps discovered:
D:1:      ncdulo_halloftheorcs, layout_basic, chequers_ecumenical_altar_grove
D:2:      kennysheep_the_goblin_king, layout_basic, kennysheep_generic_room_6,
          uniq_natasha

Skill      XL: |  1  2 |
---------------+-------+-----
Earth Magic    | 4 |  4.1
Conjurations   | 1 |  1.0
Fighting       | |  0.8
Dodging        | |  1.7
Stealth        | |  2.1
Spellcasting   | |  2.3
Transmutations | |  0.7

Action                   || total
-------------------------++-------
Melee: Dagger            ||     7
 Cast: Sandblast         ||    14
Armor: Ring mail         ||     2
Dodge: Dodged            ||     4
